 Dungeon Crawl Stone Soup version 0.22.1-6-g1668fe2 (webtiles) character file.

24180 TheAlmogaver the Thaumaturge (level 13, -1/98 HPs)
             Began as a Gnoll Wizard on Jan 10, 2019.
             Was an Elder of Ashenzari.
             Slain by a four-headed hydra (16 damage)
             ... on level 4 of the Lair of Beasts on Jan 25, 2019.
             The game lasted 04:30:40 (34728 turns).

TheAlmogaver the Thaumaturge (Gnoll Wizard)        Turns: 34728, Time: 04:30:41

Health: -1/98      AC: 11    Str: 10    XL:     13   Next: 11%
Magic:  27/27      EV: 17    Int: 25    God:    Ashenzari [****..]
Gold:   824        SH: 10    Dex: 14    Spells: 2/33 levels left

rFire    + . .     SeeInvis +   A - staff of energy (curse)
rCold    + + .     Gourm    .   B - +0 buckler
rNeg     . . .     Faith    .   m - +2 leather armour {rC+}
rPois    +         Spirit   .   k - +2 hat
rElec    .         Reflect  +   c - scarf {rC+ rF+}
rCorr    .         Harm     .   O - +1 pair of gloves
MR       .....     Clarity  +   g - +0 pair of boots
Stlth    ++++......             D - +4 amulet of reflection
HPRegen  0.26/turn              N - ring of poison resistance
MPRegen  0.20/turn              M - ring of wizardry

@: lethally poisoned (-1 -> -21), invisible
A: distributed training, fangs 1, strong nose
a: Curse Item, Scrying, Renounce Religion


You were on level 4 of the Lair of Beasts.
You worshipped Ashenzari.
Ashenzari was greatly pleased with you.
You were not hungry.

You visited 3 branches of the dungeon, and saw 16 of its levels.

You collected 880 gold pieces.
You spent 56 gold pieces at shops.

Inventory:

Missiles
 f - 12 tomahawks (quivered)
 j - a throwing net
 o - 8 exploding tomahawks
 C - 187 arrows
Armour
 c - a scarf of resistance (worn)
 g - a +0 pair of boots (worn)
 k - a +2 hat (worn)
 m - a +2 leather armour of cold resistance (worn)
 n - a scarf of repulsion
 p - a +0 pair of gloves
 v - the +0 chain mail of Bolin {+Inv rPois MR-}
   (You found it on level 9 of the Dungeon)

   It protects you from poison.
   It affects your resistance to hostile enchantments.
   It lets you turn invisible.
 B - a +0 buckler (worn)
 G - a +2 robe of fire resistance
 O - a +1 pair of gloves (worn)
Magical Staves
 A - a cursed staff of energy (weapon)
Jewellery
 D - a +4 amulet of reflection (around neck)
 K - a +4 ring of protection
 L - an uncursed ring of protection from magic
 M - a ring of wizardry (right hand)
 N - a ring of poison resistance (left hand)
 T - a +6 ring of dexterity
Wands
 e - a wand of acid (2)
 s - a wand of paralysis (10)
 w - a wand of iceblast (3)
 H - a wand of scattershot (3)
Scrolls
 b - 4 scrolls of identify
 h - 2 scrolls of fog
 q - 9 scrolls of teleportation
 r - 3 scrolls of magic mapping
 y - a scroll of remove curse
 I - a scroll of enchant weapon
 P - a scroll of enchant armour
 Q - a scroll of vulnerability
Potions
 a - 2 potions of curing
 i - 4 potions of berserk rage
 l - 3 potions of lignification
 u - 4 potions of flight
 x - a potion of magic
 z - a potion of degeneration {unknown}
 E - 3 potions of might
 F - 2 potions of brilliance
 J - 2 potions of heal wounds
 R - a potion of mutation
Comestibles
 d - 4 rations
 S - 4 chunks of flesh


   Skills:
 + Level 7.8 Fighting
 + Level 7.8 Short Blades
 + Level 7.8 Long Blades
 + Level 7.8 Axes
 + Level 7.8 Maces & Flails
 + Level 7.8 Polearms
 + Level 7.8 Staves
 + Level 7.8 Slings
 + Level 7.8 Bows
 + Level 7.8 Crossbows
 + Level 7.8 Throwing
 + Level 7.8 Armour
 + Level 9.1 Dodging
 + Level 9.0 Stealth
 + Level 7.8 Shields
 + Level 7.8 Unarmed Combat
 + Level 10.5 Spellcasting
 + Level 6.9 Conjurations
 + Level 6.5 Hexes
 + Level 6.5 Charms
 + Level 6.9 Summonings
 + Level 6.5 Necromancy
 + Level 6.9 Translocations
 + Level 6.5 Transmutations
 + Level 6.5 Fire Magic
 + Level 6.5 Ice Magic
 + Level 6.5 Air Magic
 + Level 6.5 Earth Magic
 + Level 6.5 Poison Magic
 + Level 8.6 Invocations
 + Level 7.8(11.3) Evocations


You had 2 spell levels left.
You knew the following spells:

 Your Spells              Type           Power        Failure   Level  Hunger
a - Magic Dart            Conj           ####         1%          1    None
b - Blink                 Tloc           N/A          1%          2    None
c - Call Imp              Summ           #####...     1%          2    None
d - Conjure Flame         Conj/Fire      #####...     1%          3    None
e - Mephitic Cloud        Conj/Pois/Air  #####...     1%          3    None
f - Dazzling Spray        Conj/Hex       #####.       1%          3    None
g - Ice Form              Ice/Tmut       #####...     1%          4    None
h - Tukima's Dance        Hex            #####...     1%          3    None
i - Animate Skeleton      Necr           N/A          1%          1    None
j - Apportation           Tloc           #####.       1%          1    None
k - Petrify               Tmut/Erth      #####...     1%          4    None
l - Olgreb's Toxic Radia  Pois           #####...     1%          4    None

Your spell library contained the following spells:

 Spells                   Type           Power        Failure   Level  Hunger
 Beastly Appendage        Tmut           #####.       1%          1    None
 Confusing Touch          Hex            #####.       1%          1    None
 Corona                   Hex            #####..      1%          1    None
 Shock                    Conj/Air       ####         1%          1    None
 Sting                    Conj/Pois      ####         1%          1    None
 Summon Small Mammal      Summ           ####         1%          1    None
 Ensorcelled Hibernation  Hex/Ice        #####.       1%          2    None
 Poisonous Vapours        Pois/Air       #####.       1%          2    None
 Slow                     Hex            #####...     1%          2    None
 Sticks to Snakes         Tmut           #####...     1%          2    None
 Swiftness                Chrm/Air       #####...     1%          2    None
 Call Canine Familiar     Summ           #####...     1%          3    None
 Confuse                  Hex            #####...     1%          3    None
 Gell's Gravitas          Tloc           #####.....   1%          3    None
 Spider Form              Tmut/Pois      #####.....   1%          3    None
 Static Discharge         Conj/Air       #####...     1%          3    None
 Summon Guardian Golem    Hex/Summ       #####...     1%          3    None
 Airstrike                Air            #####.....   1%          4    None
 Summon Ice Beast         Ice/Summ       #####...     1%          4    None
 Summon Lightning Spire   Summ/Air       #####...     1%          4    None
 Blade Hands              Tmut           #####.....   4%          5    None
 Lightning Bolt           Conj/Air       #####.....   4%          5    None
 Metabolic Englaciation   Hex/Ice        #####.....   4%          5    None
 Venom Bolt               Conj/Pois      #####.....   4%          5    None
 Yara's Violent Unravell  Hex/Tmut       #####.....   4%          5    None


Dungeon Overview and Level Annotations

Branches:
Dungeon (10/15)            Temple (1/1) D:5            Lair (5/6) D:8
 Shoals (0/4) Lair:3       Spider (0/4) Lair:3          Orc (0/2) D:10
  Slime: Lair:5-6

Altars:
Ashenzari
Cheibriados
Dithmenos
Elyvilon
Fedhas
Gozag
Hepliaklqana
Kikubaaqudgha
Makhleb
Nemelex Xobeh
Okawaru
Qazlal
Ru
Sif Muna
Trog
Uskayaw
Vehumet
Wu Jian
Xom
Yredelemnul
Zin
The Shining One
Beogh

Shops:
D:4 :   D:10 *:=?}

Annotations:
Lair:4 Nessos


Innate Abilities, Weirdness & Mutations

Your experience applies equally to all skills.
You have very sharp teeth.
Your uncanny sense of smell can sniff out nearby items.


Message History

* * * LOW HITPOINT WARNING * * *
There is a stone staircase leading up, spattered with blood here.
You see here an arrow.
Okay, then.
Press: ? - help, v - describe, . - travel
Here: a four-headed hydra The floor.
Unknown command.
You fade into invisibility!
* * * LOW HITPOINT WARNING * * *
You feel very sick.
Nessos shoots an arrow.
You reflect the arrow off an invisible shield around you!
The arrow barely misses Nessos.
Nessos shoots an arrow.
You reflect the arrow off an invisible shield around you!
The arrow hits Nessos.
The arrow burns Nessos.
The four-headed hydra completely misses you.
The four-headed hydra barely misses you.
The four-headed hydra bites you!
You die...

.##P..##..#PP........###.........
###..................##.......#..
# ##.......##...........Z...##.#*
#####.#.#..###..............#**#*
##.#...#.#####.......##.....## *
.{Z.Z.#.####........##.......## #
...................###........###
..####............###............
..# *.#..##..#..@(#,.............
..# *##...###...D.#..............
..# #....c##c...#...........#.#.
### *#......#......####......##.
### ##.....ยง...#.P## ##.....,##
..## #........(.#### #...#....
...###...##.....# *#.#####..
..##.......#(...# *...* #..
#..##...........#### #..#* *#..


You could see Nessos and a four-headed hydra.

Vanquished Creatures
  Harold (D:7)
  2 hydras (Lair:1)
  Erica (Lair:1)
  A catoblepas (Lair:4)
  Sonja (Lair:1)
  Nergalle (Lair:4)
  Pikel (D:8)
  5 elephants
  A merfolk siren (Lair:3)
  5 spiny frogs (Lair:1)
  A komodo dragon (Lair:3)
  3 merfolk (Lair:2)
  A jumping spider (Lair:3)
  Prince Ribbit (D:6)
  7 blink frogs (Lair:4)
  6 hippogriffs
  A dancing weapon (D:7)
  A basilisk (D:8)
  A wyvern (Lair:3)
  26 yaks
  Menkaure (D:7)
  5 water moccasins
  6 porcupines
  2 ice beasts
  4 orc warriors
  A sky beast (D:10)
  A phantom (D:6)
  6 wolves
  A slave (D:8)
  A necrophage (D:5)
  2 ogres
  4 centaurs
  4 crocodiles
  A big kobold (D:7)
  10 bullfrogs
  A scorpion (D:5)
  3 killer bees (D:10)
  6 wights
  5 electric eels
  3 howler monkeys
  A crimson imp (D:7)
  A bullfrog zombie (D:5)
  A quasit (D:10)
  4 orc wizards
  3 jellies
  5 hounds
  4 orc priests
  3 iguanas
  5 worker ants
  2 hound skeletons
  A gnoll (D:5)
  9 adders
  5 shadow imps
  2 oozes
  A dart slug (D:1)
  5 leopard geckos
  43 orcs
  8 bats
  11 giant cockroaches
  5 goblins
  10 hobgoblins
  16 jackals
  5 quokkas
  4 ball pythons
  3 frilled lizards
  A jackal skeleton (D:6)
  11 kobolds
  2 leopard gecko skeletons
  2 quokka skeletons
  10 rats
317 creatures vanquished.

Vanquished Creatures (collateral kills)
  Snorg (Lair:4)
  A hydra (Lair:4)
  2 black mambas
  6 spiny frogs
  A komodo dragon (Lair:4)
  2 blink frogs (Lair:4)
  2 yaks
  2 water moccasins
  A porcupine (Lair:2)
  A black bear (D:8)
  2 orc warriors
  An eye of draining (D:10)
  5 wolves
  2 centaurs
  5 crocodiles
  A big kobold (D:9)
  6 bullfrogs
  3 wights
  An electric eel (D:6)
  A howler monkey (D:6)
  2 crimson imps
  2 bullfrog zombies
  A hound (D:5)
  A jelly (D:10)
  A centaur skeleton (D:7)
  An orc wizard (D:4)
  2 bullfrog skeletons
  3 worker ants
  2 gnolls (D:5)
  3 adders
  A shadow imp (D:10)
  4 oozes (D:10)
  An adder zombie (D:5)
  2 adder skeletons
  3 worms
  9 orcs
  4 jackals (D:6)
  A kobold (D:7)
  A bat (D:3)
  A leopard gecko zombie (D:6)
  A rat (D:2)
92 creatures vanquished.

Vanquished Creatures (others)
  3 dancing weapons
  A slave (D:8)
  A human (D:5)
  7 fungi
  8 plants
20 creatures vanquished.

Grand Total: 429 creatures vanquished

Notes
Turn   | Place    | Note
-------+----------+-------------------------------------------
     0 | D:1      | TheAlmogaver the Gnoll Wizard began the quest for the Orb.
     0 | D:1      | Reached XP level 1. HP: 13/13 MP: 8/8
     0 | D:1      | Upgraded the game from 0.22.1-5-g62c59d9 to
                  | 0.22.1-6-g1668fe2
   186 | D:1      | Reached XP level 2. HP: 19/19 MP: 5/10
   613 | D:1      | Reached XP level 3. HP: 25/25 MP: 9/11
   617 | D:1      | Learned a level 2 spell: Blink
   620 | D:1      | Learned a level 2 spell: Call Imp
   624 | D:1      | Learned a level 3 spell: Conjure Flame
   628 | D:1      | Learned a level 3 spell: Mephitic Cloud
   916 | D:2      | Reached skill level 1 in Invocations
  1146 | D:2      | Reached skill level 1 in Fighting
  1146 | D:2      | Reached skill level 1 in Short Blades
  1146 | D:2      | Reached skill level 1 in Long Blades
  1146 | D:2      | Reached skill level 1 in Axes
  1146 | D:2      | Reached skill level 1 in Maces & Flails
  1146 | D:2      | Reached skill level 1 in Polearms
  1146 | D:2      | Reached skill level 1 in Staves
  1146 | D:2      | Reached skill level 1 in Slings
  1146 | D:2      | Reached skill level 1 in Bows
  1146 | D:2      | Reached skill level 1 in Crossbows
  1146 | D:2      | Reached skill level 1 in Throwing
  1146 | D:2      | Reached skill level 1 in Armour
  1146 | D:2      | Reached skill level 1 in Shields
  1146 | D:2      | Reached skill level 1 in Unarmed Combat
  1146 | D:2      | Reached skill level 1 in Evocations
  1146 | D:2      | Reached XP level 4. HP: 31/32 MP: 8/13
  1238 | D:2      | Found a faded altar of an unknown god.
  1366 | D:2      | Found a glowing silver altar of Zin.
  1392 | D:2      | Found a white marble altar of Elyvilon.
  1392 | D:2      | Found a shattered altar of Ashenzari.
  1398 | D:2      | Became a worshipper of Ashenzari the Shackled
  1795 | D:2      | Reached skill level 1 in Hexes
  1795 | D:2      | Reached skill level 1 in Charms
  1795 | D:2      | Reached skill level 1 in Necromancy
  1795 | D:2      | Reached skill level 1 in Transmutations
  1795 | D:2      | Reached skill level 1 in Fire Magic
  1795 | D:2      | Reached skill level 1 in Ice Magic
  1795 | D:2      | Reached skill level 1 in Air Magic
  1795 | D:2      | Reached skill level 1 in Earth Magic
  1795 | D:2      | Reached skill level 1 in Poison Magic
  2729 | D:3      | Reached XP level 5. HP: 37/37 MP: 7/14
  3816 | D:4      | Found Tesau's Book Boutique.
  3892 | D:4      | Noticed an ogre
  3919 | D:4      | Killed an ogre
  3919 | D:4      | Reached XP level 6. HP: 18/44 MP: 0/16
  4380 | D:4      | Reached skill level 5 in Dodging
  5018 | D:5      | Entered Level 5 of the Dungeon
  5018 | D:5      | Noticed a yak
  5018 | D:5      | Noticed a yak
  5018 | D:5      | Noticed a yak
  5021 | D:5      | Noticed a yak
  5051 | D:4      | Killed a yak
  5051 | D:4      | Reached XP level 7. HP: 36/50 MP: 7/18
  5147 | D:5      | HP: 1/50 [yak (15)]
  5477 | D:3      | Killed a yak
  5715 | D:4      | Killed a yak
  5715 | D:4      | Reached skill level 5 in Stealth
  6041 | D:4      | Killed a yak
  6041 | D:4      | Reached XP level 8. HP: 57/57 MP: 0/19
  6746 | D:5      | Found an opulent altar of Gozag.
  7172 | D:5      | Found an ancient bone altar of Kikubaaqudgha.
  7483 | D:5      | Reached skill level 8 in Spellcasting
  7676 | D:5      | Learned a level 3 spell: Dazzling Spray
  7681 | D:5      | Learned a level 3 spell: Confuse
  7685 | D:5      | Learned a level 3 spell: Tukima's Dance
  8041 | D:5      | Found a staircase to the Ecumenical Temple.
  8047 | Temple   | Entered the Ecumenical Temple
  8577 | D:6      | Reached * piety under Ashenzari
  8730 | D:5      | Reached XP level 9. HP: 54/64 MP: 1/21
 10559 | D:6      | Found a glowing golden altar of the Shining One.
 10562 | D:6      | Noticed an angel
 10675 | D:6      | Found a basalt altar of Yredelemnul.
 10677 | D:6      | Noticed a profane servitor
 10699 | D:6      | Found a shattered altar of Ashenzari.
 11279 | D:7      | Noticed Prince Ribbit
 11516 | D:6      | Killed Prince Ribbit
 12398 | D:7      | Noticed Menkaure
 13027 | D:7      | Killed Menkaure
 13027 | D:7      | Reached skill level 5 in Invocations
 13517 | D:7      | Noticed Harold
 13556 | D:7      | Killed Harold
 13556 | D:7      | Reached XP level 10. HP: 72/72 MP: 2/22
 13674 | D:7      | Learned a level 1 spell: Animate Skeleton
 13676 | D:7      | Learned a level 1 spell: Apportation
 14812 | D:8      | Reached skill level 5 in Fighting
 14812 | D:8      | Reached skill level 5 in Short Blades
 14812 | D:8      | Reached skill level 5 in Long Blades
 14812 | D:8      | Reached skill level 5 in Axes
 14812 | D:8      | Reached skill level 5 in Maces & Flails
 14812 | D:8      | Reached skill level 5 in Polearms
 14812 | D:8      | Reached skill level 5 in Staves
 14812 | D:8      | Reached skill level 5 in Slings
 14812 | D:8      | Reached skill level 5 in Bows
 14812 | D:8      | Reached skill level 5 in Crossbows
 14812 | D:8      | Reached skill level 5 in Throwing
 14812 | D:8      | Reached skill level 5 in Armour
 14812 | D:8      | Reached skill level 5 in Shields
 14812 | D:8      | Reached skill level 5 in Unarmed Combat
 14812 | D:8      | Reached skill level 5 in Evocations
 15139 | D:8      | Reached ** piety under Ashenzari
 15140 | D:8      | Found a staircase to the Lair.
 15141 | D:8      | Noticed Pikel
 15172 | D:8      | Killed Pikel
 15629 | D:8      | Learned a level 4 spell: Petrify
 15699 | D:8      | Found a white marble altar of Elyvilon.
 16974 | D:8      | Reached skill level 9 in Spellcasting
 17519 | D:9      | Got the cursed chain mail of Bolin {+Inv rPois MR-}
 17573 | D:9      | Reached skill level 5 in Conjurations
 17573 | D:9      | Reached skill level 5 in Summonings
 17573 | D:9      | Reached skill level 5 in Translocations
 19457 | D:10     | Entered Level 10 of the Dungeon
 19756 | D:10     | Found Boyfeuhu's General Store.
 19761 | D:10     | Bought a scroll of amnesia for 56 gold pieces
 20187 | D:10     | Found Fireom's Jewellery Shop.
 20773 | D:10     | Reached XP level 11. HP: 80/80 MP: 15/24
 20790 | D:10     | Found Qocuudum's Gadget Shoppe.
 20821 | D:10     | Found Qojadgh's Magic Scroll Boutique.
 20833 | D:10     | Found a staircase to the Orcish Mines.
 20843 | D:10     | Found a roughly hewn altar of Beogh.
 21377 | D:10     | Found Ivathrul's Book Emporium.
 21874 | Lair:1   | Entered Level 1 of the Lair of Beasts
 21874 | Lair:1   | Noticed Sonja
 21886 | Lair:1   | Killed Sonja
 22128 | Lair:1   | Learned a level 4 spell: Ice Form
 22687 | Lair:1   | Reached skill level 5 in Hexes
 22687 | Lair:1   | Reached skill level 5 in Charms
 22687 | Lair:1   | Reached skill level 5 in Necromancy
 22687 | Lair:1   | Reached skill level 5 in Transmutations
 22687 | Lair:1   | Reached skill level 5 in Fire Magic
 22687 | Lair:1   | Reached skill level 5 in Ice Magic
 22687 | Lair:1   | Reached skill level 5 in Air Magic
 22687 | Lair:1   | Reached skill level 5 in Earth Magic
 22687 | Lair:1   | Reached skill level 5 in Poison Magic
 24830 | Lair:1   | Reached *** piety under Ashenzari
 26207 | Lair:2   | Noticed an eight-headed hydra
 26455 | Lair:1   | Identified the cursed +0 chain mail of Bolin {+Inv rPois
                  | MR-} (You found it on level 9 of the Dungeon)
 27052 | Lair:2   | Noticed a four-headed hydra
 27064 | Lair:2   | Noticed Erica
 27124 | Lair:1   | Killed a four-headed hydra
 27505 | Lair:1   | Killed Erica
 27850 | Lair:2   | Reached XP level 12. HP: 86/88 MP: 12/25
 28957 | Lair:1   | Killed an eight-headed hydra
 29690 | Lair:4   | Noticed Nergalle
 29898 | Lair:4   | Noticed a catoblepas
 30206 | Lair:5   | Reached skill level 10 in Spellcasting
 30732 | Lair:4   | Noticed a six-headed hydra
 30742 | Lair:4   | Killed a six-headed hydra
 31416 | Lair:2   | Learned a level 4 spell: Olgreb's Toxic Radiance
 33242 | Lair:3   | Reached **** piety under Ashenzari
 33267 | Lair:3   | Found a hole to the Spider Nest.
 33525 | Lair:3   | Found a staircase to the Shoals.
 33955 | Lair:4   | Reached XP level 13. HP: 98/98 MP: 2/27
 34378 | Lair:4   | Noticed Snorg
 34393 | Lair:4   | Killed Snorg
 34590 | Lair:4   | Killed Nergalle
 34701 | Lair:4   | Noticed Nessos
 34728 | Lair:4   | Slain by a four-headed hydra

Skill      XL: |  1  2  3  4  5  6  7  8  9 10 11 12 13 |
---------------+----------------------------------------+-----
Conjurations   | 2 3 4 5 6 |  6.9
Summonings     | 2 3 4 5 6 |  6.9
Translocations | 2 3 4 5 6 |  6.9
Invocations    | 1 2 3 4 5 6 7 8 |  8.6
Fighting       | 1 2 3 4 5 6 7 |  7.8
Short Blades   | 1 2 3 4 5 6 7 |  7.8
Long Blades    | 1 2 3 4 5 6 7 |  7.8
Axes           | 1 2 3 4 5 6 7 |  7.8
Maces & Flails | 1 2 3 4 5 6 7 |  7.8
Polearms       | 1 2 3 4 5 6 7 |  7.8
Staves         | 1 2 3 4 5 6 7 |  7.8
Slings         | 1 2 3 4 5 6 7 |  7.8
Bows           | 1 2 3 4 5 6 7 |  7.8
Crossbows      | 1 2 3 4 5 6 7 |  7.8
Throwing       | 1 2 3 4 5 6 7 |  7.8
Armour         | 1 2 3 4 5 6 7 |  7.8
Shields        | 1 2 3 4 5 6 7 |  7.8
Unarmed Combat | 1 2 3 4 5 6 7 |  7.8
Evocations     | 1 2 3 4 5 6 7 |  7.8
Hexes          | 1 2 3 4 5 6 |  6.5
Charms         | 1 2 3 4 5 6 |  6.5
Necromancy     | 1 2 3 4 5 6 |  6.5
Transmutations | 1 2 3 4 5 6 |  6.5
Fire Magic     | 1 2 3 4 5 6 |  6.5
Ice Magic      | 1 2 3 4 5 6 |  6.5
Air Magic      | 1 2 3 4 5 6 |  6.5
Earth Magic    | 1 2 3 4 5 6 |  6.5
Poison Magic   | 1 2 3 4 5 6 |  6.5
Dodging        | 5 6 7 8 9 |  9.1
Stealth        | 5 6 7 8 9 |  9.0
Spellcasting   | 8 9 10 | 10.5

Action                   |  1- 3 |  4- 6 |  7- 9 | 10-12 | 13-15 || total
-------------------------+-------+-------+-------+-------+-------++-------
Melee: Whip              |       |     1 |       |       |       ||     1
       Dagger            |       |    12 |       |       |       ||    12
       Spear             |       |    14 |    26 |       |       ||    40
       Bite              |       |     3 |    10 |    40 |       ||    53
       Staff             |       |       |    76 |   258 |       ||   334
       Punch             |       |       |     3 |     1 |       ||     4
       Unarmed           |       |       |       |    76 |    15 ||    91
 Fire: Hunting sling     |     9 |       |       |       |       ||     9
Throw: Stone             |       |       |     3 |       |       ||     3
       Tomahawk          |       |       |       |    20 |       ||    20
       Throwing net      |       |       |       |     5 |       ||     5
 Cast: Magic Dart        |    69 |   136 |   292 |   229 |       ||   726
       Call Imp          |       |    24 |    85 |   198 |       ||   307
       Mephitic Cloud    |       |     6 |    27 |    59 |     3 ||    95
       Conjure Flame     |       |     2 |    11 |    12 |     1 ||    26
       Blink             |       |     3 |    15 |    54 |     1 ||    73
       Dazzling Spray    |       |       |    12 |   255 |     9 ||   276
       Tukima's Dance    |       |       |     3 |    12 |       ||    15
       Confuse           |       |       |     3 |       |       ||     3
       Animate Skeleton  |       |       |       |    60 |     9 ||    69
       Petrify           |       |       |       |    41 |       ||    41
       Ice Form          |       |       |       |    14 |     2 ||    16
       Olgreb's Toxic Ra |       |       |       |     5 |       ||     5
Invok: Curse Item        |       |       |     1 |       |       ||     1
Evoke: Wand              |       |       |     2 |    24 |       ||    26
       Staff of energy   |       |       |       |    14 |       ||    14
  Use: Scroll            |       |     6 |    11 |    11 |       ||    28
       Potion            |       |       |     1 |     1 |     2 ||     4
 Stab: Confused          |       |     2 |     5 |    13 |     2 ||    22
       Distracted        |       |       |     1 |     3 |       ||     4
       Invisible         |       |       |     1 |    10 |       ||    11
       Petrified         |       |       |       |    61 |       ||    61
       Held in net/web   |       |       |       |     1 |       ||     1
  Eat: Chunk             |       |     9 |    10 |     9 |     1 ||    29
       Ration            |       |     1 |     5 |    16 |       ||    22
Armor: Robe              |     2 |     3 |       |       |       ||     5
       Leather armour    |       |     7 |    37 |    98 |     1 ||   143
       Skin              |       |       |       |    10 |       ||    10
Dodge: Dodged            |     8 |    36 |   121 |   282 |    20 ||   467
       Deflected         |       |       |     4 |     6 |       ||    10
Block: Buckler           |       |       |       |   102 |     6 ||   108
       Other             |       |       |       |     4 |       ||     4
       Reflection        |       |       |       |       |     4 ||     4
